 Dungeon Crawl Stone Soup version 0.21.1-1-g345015fe64 (webtiles) character file.

139 Htamos the Gusty (level 5, -6/28 HPs)
             Began as a Tengu Air Elementalist on July 13, 2018.
             Killed by divine providence
             ... invoked by an orc priest
              (16 damage)
             ... on level 3 of the Dungeon.
             The game lasted 00:06:12 (2770 turns).

Htamos the Gusty (Tengu Air Elementalist)           Turns: 2770, Time: 00:06:13

Health: -6/28      AC:  2    Str:  9    XL:     5   Next: 22%
Magic:  11/11      EV: 12    Int: 16    God:
Gold:   97         SH:  0    Dex: 14    Spells: 10/11 levels left

rFire    . . .     SeeInvis .   (no weapon)
rCold    . . .     Gourm    .   (no shield)
rNeg     . . .     Faith    .   a - +0 robe
rPois    .         Spirit   .   (helmet restricted)
rElec    .         Reflect  .   (no cloak)
rCorr    .         Harm     .   (no gloves)
MR       .....                  (boots unavailable)
Stlth    ++........             (no amulet)
HPRegen  0.09/turn              (no ring)
MPRegen  0.12/turn              (no ring)

@: no status effects
A: beak, talons 3, able to fly 1
a: Fly


You were on level 3 of the Dungeon.
You were very hungry.

You visited 1 branch of the dungeon, and saw 4 of its levels.

You collected 97 gold pieces.

Inventory:

Missiles
 d - 15 poisoned needles
 e - 81 stones (quivered)
 k - 21 sling bullets
Armour
 a - a +0 robe (worn)
 m - a +0 leather armour
Jewellery
 h - an uncursed ring of protection from magic {unknown}
Scrolls
 f - 3 scrolls of remove curse {unknown}
 g - 2 scrolls of immolation {unknown}
 j - a scroll of fear {unknown}
 l - a scroll of identify {unknown}
 n - a scroll of teleportation {unknown}
Potions
 i - a potion of might {unknown}
 o - a potion of heal wounds {unknown}
Books
 b - a book of Air

   Spells                             Type                      Level
   a - Shock                          Conjuration/Air              1
   b - Swiftness                      Charms/Air                   2
   c - Static Discharge               Conjuration/Air              3
   d - Airstrike                      Air                          4
   e - Lightning Bolt                 Conjuration/Air              5
Comestibles
 c - a ration


   Skills:
 - Level 2.1 Dodging
 - Level 2.0 Stealth
 + Level 3.6 Spellcasting
 - Level 1.3 Conjurations
 + Level 6.1 Air Magic


You had 10 spell levels left.
You knew the following spells:

 Your Spells              Type           Power        Failure   Level  Hunger
a - Shock                 Conj/Air       ##..         3%          1    None


Dungeon Overview and Level Annotations

Branches:
Dungeon (4/15)
 Temple: D:4-7

Altars:
Nemelex Xobeh


Innate Abilities, Weirdness & Mutations

You have a beak for a mouth.
You have claws for feet.
You can fly.


Message History

Magic restored.
Found a stone staircase leading up.
A goblin comes into view.
An orc and an orc priest come into view.
The orc shouts!
The orc priest shouts!
The orc priest mumbles some strange prayers to Beogh against you.
Beogh smites you!
Ouch!
That really hurt! 2 orcs come into view.
A bat and an orc priest come into view.
The orc priest moves out of view.
Found a stone staircase leading up.
A bat comes into view.
The goblin shouts!
The orc shouts!
Something unseen opens the door.
You hear a shout!
The orc priest mumbles some strange prayers to Beogh against you.
Beogh smites you!
Ouch! That really hurt!
You die...

####....####...#.b...
#..........#.#<#....b
#..........#.#.......
#..........#.#....o.o
#.>........#g#..o..
#........[.#.#...
#..........#.#o#'####
#......@...g.oo......
#...........##.#<####
#...........# .#
#...........# ..
#...........# ###
#...........#
#.####..###.# #. #...
..# .#.# #


You could see an orc priest, 2 orcs and a goblin.

Vanquished Creatures
  Natasha (D:2)
  Robin (D:2)
  4 adders
  2 oozes
  A dart slug (D:2)
  4 leopard geckos
  5 giant cockroaches
  6 goblins
  8 hobgoblins
  2 jackals (D:2)
  A ball python (D:1)
  5 bats
  3 frilled lizards
  5 kobolds
  3 rats
51 creatures vanquished.

Notes
Turn   | Place    | Note
-------+----------+-------------------------------------------
     0 | D:1      | Htamos the Tengu Air Elementalist began the quest for the Orb.
     0 | D:1      | Reached XP level 1. HP: 10/10 MP: 4/4
   298 | D:1      | Reached XP level 2. HP: 15/15 MP: 4/6
   957 | D:1      | Reached XP level 3. HP: 19/19 MP: 4/7
  1341 | D:2      | Reached skill level 5 in Air Magic
  1865 | D:2      | Reached XP level 4. HP: 24/24 MP: 0/9
  2223 | D:2      | Found a sparkling altar of Nemelex Xobeh.
  2258 | D:2      | Noticed Natasha
  2263 | D:2      | Killed Natasha
  2313 | D:2      | Noticed Robin
  2518 | D:2      | Killed Robin
  2518 | D:2      | Gained mutation: You can fly. [Tengu growth]
  2518 | D:2      | Reached XP level 5. HP: 24/28 MP: 8/11
  2664 | D:2      | You fall through a shaft for 2 floors!
  2686 | D:3      | Reached skill level 6 in Air Magic
  2770 | D:3      | Killed from afar by an orc priest

Skill      XL: |  1  2  3  4  5 |
---------------+----------------+-----
Air Magic      | 5 6 |  6.1
Spellcasting   | 3 |  3.6
Dodging        | |  2.1
Stealth        | |  2.0
Conjurations   | |  1.3

Action                   |  1- 3 |  4- 6 || total
-------------------------+-------+-------++-------
Melee: Unarmed           |     3 |     2 ||     5
       Kick              |       |     1 ||     1
 Cast: Shock             |    79 |    37 ||   116
  Eat: Chunk             |     3 |     2 ||     5
Armor: Robe              |     7 |     3 ||    10
Dodge: Dodged            |    22 |    12 ||    34
